 Dungeon Sprint DCSS version 0.29-a0-512-gf59ac788ac (webtiles) character file.

Game seed: 13610410992920504984

308384 mhtbhm the Heavyweight Champion (level 18, -1/257 HPs)
             Began as a Troll Transmuter on May 29, 2022.
             Was an Initiate of Gozag.
             Slain by an Orb Guardian (46 damage)
             ... in the Dungeon (Sprint IX: "|||||||||||||||||||||||||||||").
             The game lasted 00:27:04 (9564 turns).

mhtbhm the Heavyweight Champion (Troll Transmuter)  Turns: 9564, Time: 00:27:04

Health: -1/257     AC: 29    Str: 34    XL:     18   Next: 93%
Magic:  42/43      EV: 18    Int: 15    God:    Gozag
Gold:   20161      SH:  5    Dex: 10    Spells: 26/61 levels left

rFire   + + .      SeeInvis .     - Unarmed
rCold   + + .      Faith    .   (no shield)
rNeg    + . .      Spirit   .   (body armour currently unavailable)
rPois   ∞          Reflect  +   u - +1 hat of Mupnir {rC+ Dex+4}
rElec   +          Harm     .   m - +0 cloak
rCorr   +          Rampage  .   (gloves unavailable)
Will    +....      NoTele   +   (boots unavailable)
Stlth   ++........              n - amulet "Digez" {Reflect rPois rCorr Str+6 SH+5 Stlth-}
HPRegen 1.32/turn               k - +3 ring of strength
MPRegen 0.28/turn               I - ring "Wuics" {rF++ rC+ Str+2 Dex-2 Slay+4}

@: statue-form, wereblooded, gold aura, very slow
A: slow and powerful, torment resistance 1, boosted hp, large, unfitting armour,
claws 3, regeneration 1, (shaggy fur 1), (tough skin 1), clumsy 1
}: 5/17 runes: decaying, serpentine, barnacled, silver, gossamer
a: End Transformation, Renounce Religion, Potion Petition, Call Merchant, Bribe
Branch


You were in the Dungeon.
You worshipped Gozag.
Gozag was extremely pleased with you.
You were a living statue of rough stone.
You visited 1 branch You collected 42930 gold pieces.
You spent 8680 gold pieces at shops.
You paid 14089 gold pieces to Gozag.

Inventory:

Missiles
 o - 30 large rocks (quivered)
 O - a throwing net
 P - 2 javelins
 Q - 2 silver javelins
Armour
 a - the +2 robe "Iplohil" (melded) {rElec Str+2 Stlth+}
   (You bought it in a shop in the Dungeon)

   Str:       It affects your strength (+2).
   rElec:     It insulates you from electricity.
   Stlth:     It makes you more stealthy.
 m - a +0 cloak (worn)
 u - the +1 hat of Mupnir (worn) {rC+ Dex+4}
   (You acquired it in the Dungeon)

   Dex:       It affects your dexterity (+4).
   rC:        It protects you from cold.
Jewellery
 e - a ring of wizardry
 k - a +3 ring of strength (left claw)
 n - the amulet "Digez" (around neck) {Reflect rPois rCorr Str+6 SH+5 Stlth-}
   (You took it off a tengu reaver in the Dungeon)

   [amulet of reflection]

   It reflects blocked missile attacks.
   Str:       It affects your strength (+6).
   rPois:     It protects you from poison.
   rCorr:     It protects you from acid and corrosion.
   SH:        It affects your SH (+5).
   Stlth:     It makes you less stealthy.
 q - the ring of Cudis {Contam rElec rN++ rCorr Int+3}
   (You found it in the Dungeon)

   [ring of resist corrosion]

   Int:       It affects your intelligence (+3).
   rElec:     It insulates you from electricity.
   rN:        It greatly protects you from negative energy.
   Contam:    It causes magical contamination when unequipped.
   rCorr:     It protects you from acid and corrosion.
 t - the ring "Liecirgh" {Dex+5 SInv}
   (You found it in the Dungeon)

   [ring of see invisible]

   Dex:       It affects your dexterity (+5).
   SInv:      It lets you see invisible.
 w - a ring of willpower
 x - the amulet of Estre {Spirit rF+ MP-9 Int-2 Dex+9}
   (You found it in the Dungeon)

   [amulet of guardian spirit]

   It causes incoming damage to be divided between your reserves of health and
   magic.
   Int:       It affects your intelligence (-2).
   Dex:       It affects your dexterity (+9).
   rF:        It protects you from fire.
   MP:        It affects your magic capacity (-9).
 y - the amulet "Voseojus" {RegenMP rElec Will+ Dex+3}
   (You found it in the Dungeon)

   [amulet of magic regeneration]

   It increases your rate of magic regeneration.
   Dex:       It affects your dexterity (+3).
   rElec:     It insulates you from electricity.
   Will:      It increases your willpower.
 z - a ring of protection from cold
 I - the ring "Wuics" (right claw) {rF++ rC+ Str+2 Dex-2 Slay+4}
   (You bought it in a shop in the Dungeon)

   [ring of slaying]

   Str:       It affects your strength (+2).
   Dex:       It affects your dexterity (-2).
   Slay:      It affects your accuracy & damage with ranged weapons and melee
   (+4).
   rF:        It greatly protects you from fire.
   rC:        It protects you from cold.
 J - a +4 ring of protection
 K - a +4 ring of evasion
 R - the ring of the Middle {Fire rElec Dex+6}
   (You found it in the Dungeon)

   [ring of fire]

   It enhances your fire magic.
   Dex:       It affects your dexterity (+6).
   rF:        It protects you from fire.
   rC:        It makes you vulnerable to cold.
   rElec:     It insulates you from electricity.
 S - the ring of Kabrar {*Slow Fly rPois Str+10 Int-2}
   (You found it in the Dungeon)

   [ring of poison resistance]

   Str:       It affects your strength (+10).
   Int:       It affects your intelligence (-2).
   rPois:     It protects you from poison.
   Fly:       It grants you flight.
   *Slow:     It may slow you when you take damage.
Wands
 d - a wand of iceblast (1)
 j - a wand of acid (13)
 V - a wand of paralysis (3)
Scrolls
 h - 5 scrolls of blinking
 i - 2 scrolls of amnesia
 l - a scroll of magic mapping
 r - 10 scrolls of enchant weapon
 s - 6 scrolls of fog
 D - 4 scrolls of immolation
 E - 7 scrolls of enchant armour
 G - 8 scrolls of identify
 H - 2 scrolls of summoning
 N - 3 scrolls of fear
 W - 2 scrolls of silence
Potions
 b - a potion of lignification
 c - 9 potions of curing
 f - 10 potions of magic
 g - 8 potions of heal wounds
 p - 5 potions of mutation
 v - a potion of ambrosia
 A - 3 potions of resistance
 B - 3 potions of brilliance
 L - a potion of berserk rage
 M - 7 potions of haste
 T - 2 potions of might
Miscellaneous
 C - a box of beasts
 F - a tin of tremorstones (inert)


   Skills:
 + Level 16.6 Fighting
 + Level 4.8 Throwing
 + Level 26.0 Dodging
 - Level 5.1 Stealth
 - Level 11.3 Shields
 O Level 27 Unarmed Combat
 + Level 22.2 Spellcasting
 + Level 23.4 Transmutations
 + Level 8.2 Ice Magic
 - Level 14.6 Earth Magic
 + Level 4.3 Evocations


You had 26 spell levels left.
You knew the following spells:

 Your Spells              Type           Power      Damage    Failure   Level
a - Beastly Appendage     Tmut           100%       N/A       0%          1
b - Wereblood             Tmut           72%        N/A       0%          2
c - Spider Form           Tmut/Pois      51%        N/A       1%          3
d - Ice Form              Ice/Tmut       59%        N/A       1%          4
e - Statue Form           Tmut/Erth      43%        N/A       1%          6
f - Blade Hands           Tmut           36%        N/A       0%          5
g - Dragon Form           Tmut           36%        N/A       1%          7
h - Storm Form            Tmut/Air       25%        N/A       19%         7

Your spell library contained the following spells:

 Spells                   Type           Power      Damage    Failure   Level
 Leda's Liquefaction      Hex/Erth       19%        N/A       1%          4
 Irradiate                Conj/Tmut      25%        3d21      1%          5
 Lee's Rapid Deconstruct  Erth           28%        3d16*     1%          5
 Magic Dart               Conj           64%        1d6       2%          1
 Blink                    Tloc           32%        N/A       4%          2
 Searing Ray              Conj           32%        2d5       4%          2
 Portal Projectile        Hex/Tloc       32%        N/A       9%          3
 Tukima's Dance           Hex            16%        N/A       9%          3
 Fulminant Prism          Conj/Hex       8%         3d7       28%         4
 Manifold Assault         Tloc           16%        N/A       61%         5


Dungeon Overview and Level Annotations

Branches:
Dungeon (1/1)

Altars:
Cheibriados
Dithmenos
Elyvilon
Fedhas
Gozag
Hepliaklqana
Kikubaaqudgha
Makhleb
Nemelex Xobeh
Okawaru
Qazlal
Ru
Sif Muna
Trog
Uskayaw
Vehumet
Wu Jian
Xom
Yredelemnul
Zin
The Shining One
Beogh
Jiyva
Lugonu

Shops:
D =?*?:**[(?::**


Innate Abilities, Weirdness & Mutations

You are a living statue of rough stone.
Your actions are slow, but your melee attacks are powerful.
You are resistant to unholy torment.
Your maximum health is greatly increased.
You are immune to poison.
Your equipment is partially melded.
You are too large for most types of armour.
You have claws for hands.
Your natural rate of healing is unusually fast.
((You are covered in fur. (AC +1)))
((You have tough skin. (AC +1)))
You are clumsy. (Dex -2)


Message History

The burst of rock shards engulfs the moth of wrath!!
The Orb Guardian is distracted by your dazzling golden aura.
An Orb Guardian comes into view.
Unknown command.
Unknown command.
The tremorstone explodes into fragments!
The burst of rock shards engulfs the Orb Guardian.
The Orb Guardian is no longer distracted by gold.
The burst of rock shards engulfs the Orb Guardian but does no damage.
The burst of rock shards engulfs the moth of wrath!!
You kill the moth of wrath!
The burst of rock shards engulfs the Orb Guardian but does no damage.
The burst of rock shards engulfs you.
* * * LOW HITPOINT WARNING * * *
The burst of rock shards engulfs the Orb Guardian but does no damage.
The tin is emptied!
The Orb Guardian is distracted by your dazzling golden aura. x2
An Orb Guardian comes into view.
Your Dodging skill increases to level 26!
Unknown command.
Unknown command.
Aiming: Iceblast
Press: ? - help, Shift-Dir - straight line, f - Orb Guardian
Aim: an Orb Guardian (lightly wounded, berserk, unaware, hasn't noticed you)
The mass of ice explodes!
The iceblast engulfs the Orb Guardian!
The Orb Guardian is lightly wounded.
The Orb Guardian is no longer distracted by gold.
The Orb Guardian is distracted by your dazzling golden aura.
The Orb Guardian closely misses you. The Orb Guardian hits you!!
* * * LOW HITPOINT WARNING * * *
The Orb Guardian is distracted by your dazzling golden aura.
Unknown command.
Unknown command.
Unknown command.
Unknown command.
You barely miss the Orb Guardian. Your claw misses the Orb Guardian.
The Orb Guardian is lightly wounded.
The Orb Guardian hits you!!!
You die...
Your body crumbles into a pile of gold.

,,,+,,,,,,,,,+,,,,,,,,,,,+,,,,,,*
*********************************
,,,,,,,,,,,,,,,,,,,,,,,,,,,,,,,,*
*******************************,*
,,,,,,+,,,,,,,,,,,,,,,,,,,+,,,,,*
*********************************
,,,,,,,,,,,,,,,,,,,,,,,,,,,,,,,,*
▓▓▓▓▓▓▓▓▓▓▓▓▓▓▓▓▓▓▓▓▓▓▓▓*******,*
....))........'$8X..XXXX,,,,,+,,*
▓▓▓▓▓▓▓▓▓▓▓▓▓▓▓▓▓▓▓▓▓▓▓▓▓▓▓▓▓▓▓▓▓
................................▓
▓▓▓▓▓▓▓▓▓▓▓▓▓▓▓▓▓▓▓▓▓▓▓▓▓▓▓▓▓▓▓.▓
)).)...[.))......'.))).....'....▓
▓▓▓▓▓▓▓▓▓▓▓▓▓▓▓▓▓▓▓▓▓▓▓▓▓▓▓▓▓▓▓▓▓
..........)))....)))............▓
▓▓▓▓▓▓▓▓▓▓▓▓▓▓▓▓▓▓▓▓▓▓▓▓▓▓▓▓▓▓▓.▓
[........................'∩∩....▓


You could see 5 Orb Guardians.

Vanquished Creatures
  Gloorx Vloq (D)
  3 ancient liches (D)
  3 orbs of fire (D)
  Mennas (D)
  Sojobo (D)
  Boris (D)
  Frederick (D)
  Saint Roka (D)
  A caustic shrike (D)
  Xtahua (D)
  3 golden dragons (D)
  3 bone dragons (D)
  Nikola (D)
  Jory (D)
  An electric golem (D)
  20 Orb Guardians (D)
  3 tentacled monstrosities (D)
  A death cob (D)
  Gastronok (D)
  Donald (D)
  8 shadow dragons (D)
  3 storm dragons (D)
  Frances (D)
  A thorn hunter (D)
  3 draconian monks (D)
  6 tengu reavers (D)
  3 frost giants (D)
  5 nagarajas (D)
  Ilsuiw (D)
  A fenstrider witch (D)
  A deep elf sorcerer (D)
  A fire giant (D)
  7 emperor scorpions (D)
  3 draconian shifters (D)
  2 draconian scorchers (D)
  4 vault wardens (D)
  An orc warlord (D)
  2 ghost moths (D)
  A draconian stormcaller (D)
  A spriggan defender (D)
  A very ugly thing (D)
  5 ironbound preservers (D)
  A war gargoyle (D)
  An ironbound thunderhulk (D)
  8 stone giants (D)
  5 draconian annihilators (D)
  2 green draconians (D)
  An eleionoma (D)
  4 purple draconians (D)
  3 dire elephants (D)
  An entropy weaver (shapeshifter) (D)
  3 black draconians (D)
  7 white draconians (D)
  A yellow draconian (D)
  A deep elf annihilator (D)
  A spark wasp (D)
  2 red draconians (D)
  A shambling mangrove (D)
  2 fire dragons (D)
  2 ettins (D)
  A mummy priest (D)
  4 merfolk impalers (D)
  A great orb of eyes (D)
  3 merfolk javelineers (D)
  A yaktaur captain (D)
  3 rakshasas (D)
  6 hydras (D)
  25 vault guards (D)
  4 ice dragons (D)
  An ogre mage (D)
  A catoblepas (D)
  A two-headed ogre (D)
  2 centaur warriors (D)
  3 merfolk aquamancers (D)
  5 naga warriors (D)
  2 alligators (D)
  A vampire mage (D)
  3 deep troll shamans (D)
  A tengu warrior (D)
  2 spriggan berserkers (D)
  4 deep troll earth magi (D)
  A naga sharpshooter (D)
  4 swamp dragons (D)
  3 pharaoh ants (D)
  An orb spider (D)
  7 deep trolls (D)
  A steelbarb worm (D)
  2 phantasmal warriors (D)
  5 ironbound convokers (D)
  4 orc knights (D)
  A necromancer (D)
  A wolf spider (D)
  A deep elf pyromancer (D)
  3 ugly things (D)
  An orc sorcerer (D)
  A mana viper (D)
  2 will-o-the-wisps (D)
  4 manticores (D)
  13 moths of wrath (D)
  A vault sentinel (D)
  Joseph (D)
  A merfolk siren (D)
  Maurice (D)
  6 elephants (D)
  5 guardian serpents (D)
  A black mamba (D)
  A torpor snail (D)
  A tormentor (D)
  3 demonic crawlers (D)
  A yaktaur (D)
  2 cane toads (D)
  5 komodo dragons (D)
  A rime drake (D)
  2 tengu conjurers (D)
  A kobold demonologist (D)
  A guardian mummy (D)
  A tyrant leech (D)
  A bloated husk (D)
  A queen bee (shapeshifter) (D)
  4 trolls (D)
  3 merfolk (D)
  A blink frog (D)
  A tarantella (D)
  2 hornets (D)
  5 slime creatures (D)
  A snapping turtle (D)
  A jumping spider (D)
  A spriggan (D)
  2 basilisks (D)
  A wyvern (D)
  2 yaks (D)
  A redback (D)
  4 nagas (D)
  A water moccasin (D)
  2 acid dragons (D)
  An ice beast (D)
  11 orc warriors (D)
  A swamp drake (D)
  A centaur (D)
  3 bullfrogs (D)
  A howler monkey (D)
  5 orc priests (D)
  2 iguanas (D)
  5 orc wizards (D)
  An adder (D)
  A dart slug (D)
  8 orcs (D)
  A ball python (D)
  A goblin (D)
  A bat (D)
  2 kobolds (D)
399 creatures vanquished.

Vanquished Creatures (collateral kills)
  Kirke (D)
  A hog (D)
2 creatures vanquished.

Vanquished Creatures (others)
  A hydra (D)
  2 merfolk aquamancers (D)
  A two-headed ogre (D)
  A swamp dragon (D)
  A human (D)
  A foxfire (D)
7 creatures vanquished.

Grand Total: 408 creatures vanquished

Notes
Turn   | Place    | Note
-------+----------+-------------------------------------------
     0 | D        | mhtbhm the Troll Transmuter began the quest for the Orb.
     0 | D        | Reached XP level 1. HP: 18/18 MP: 1/1
    46 | D        | Noticed an ice beast
    46 | D        | Noticed an iguana
    46 | D        | Noticed an iguana
    52 | D        | Killed an ice beast
    53 | D        | Reached skill level 1 in Fighting
    53 | D        | Reached skill level 6 in Unarmed Combat
    53 | D        | Reached XP level 2. HP: 27/27 MP: 1/4
    53 | D        | Reached XP level 3. HP: 33/33 MP: 1/6
    53 | D        | Reached XP level 4. HP: 41/41 MP: 1/7
    64 | D        | Reached skill level 7 in Unarmed Combat
    64 | D        | Reached XP level 5. HP: 48/48 MP: 2/8
   128 | D        | Found a snail-covered altar of Cheibriados.
   128 | D        | Found a shadowy altar of Dithmenos.
   128 | D        | Found a white marble altar of Elyvilon.
   128 | D        | Found a blossoming altar of Fedhas.
   128 | D        | Found an opulent altar of Gozag.
   129 | D        | Found a hazy altar of Hepliaklqana.
   130 | D        | Found a viscous altar of Jiyva.
   131 | D        | Found an ancient bone altar of Kikubaaqudgha.
   132 | D        | Found a corrupted altar of Lugonu.
   133 | D        | Found a burning altar of Makhleb.
   134 | D        | Found a sparkling altar of Nemelex Xobeh.
   135 | D        | Found an iron altar of Okawaru.
   136 | D        | Became a worshipper of Gozag Ym Sagoz the Greedy
   137 | D        | Found a stormy altar of Qazlal.
   138 | D        | Found a sacrificial altar of Ru.
   139 | D        | Found a shimmering blue altar of Sif Muna.
   140 | D        | Found a bloodstained altar of Trog.
   141 | D        | Found a hide-covered altar of Uskayaw.
   142 | D        | Found a radiant altar of Vehumet.
   143 | D        | Found an ornate altar of the Wu Jian Council.
   144 | D        | Found a shimmering altar of Xom.
   145 | D        | Found a basalt altar of Yredelemnul.
   146 | D        | Found a glowing silver altar of Zin.
   147 | D        | Found a glowing golden altar of the Shining One.
   176 | D        | Learned a level 2 spell: Wereblood
   180 | D        | Learned a level 3 spell: Spider Form
   185 | D        | Learned a level 4 spell: Ice Form
   360 | D        | Noticed a two-headed ogre
   360 | D        | Noticed an acid dragon
   360 | D        | Noticed an acid dragon
   360 | D        | Noticed a centaur
   360 | D        | Noticed a kobold demonologist
   360 | D        | Noticed a two-headed ogre
   363 | D        | Noticed an orange demon
   363 | D        | Killed a two-headed ogre
   364 | D        | Reached skill level 5 in Dodging
   364 | D        | Reached skill level 10 in Unarmed Combat
   364 | D        | Reached skill level 1 in Ice Magic
   364 | D        | Reached XP level 6. HP: 55/57 MP: 2/11
   367 | D        | Killed an acid dragon
   368 | D        | Reached XP level 7. HP: 42/63 MP: 3/12
   369 | D        | Reached skill level 11 in Unarmed Combat
   380 | D        | Killed a kobold demonologist
   381 | D        | Reached skill level 12 in Unarmed Combat
   381 | D        | Reached skill level 5 in Spellcasting
   384 | D        | Killed a two-headed ogre
   385 | D        | Reached skill level 1 in Stealth
   385 | D        | Reached skill level 13 in Unarmed Combat
   385 | D        | Reached skill level 5 in Transmutations
   385 | D        | Reached XP level 8. HP: 26/74 MP: 4/15
   488 | D        | Noticed a komodo dragon
   488 | D        | Noticed a slime creature
   488 | D        | Noticed a catoblepas
   488 | D        | Noticed a slime creature
   495 | D        | Killed a komodo dragon
   597 | D        | Killed a slime creature
   598 | D        | Reached XP level 9. HP: 80/80 MP: 7/16
   601 | D        | Killed a catoblepas
   602 | D        | Reached skill level 14 in Unarmed Combat
   813 | D        | Noticed Maurice
   823 | D        | Killed Maurice
   958 | D        | Noticed a komodo dragon
   958 | D        | Noticed a komodo dragon
   958 | D        | Noticed a cane toad
   960 | D        | Killed a komodo dragon
   963 | D        | Killed a komodo dragon
   964 | D        | Reached skill level 15 in Unarmed Combat
   965 | D        | Noticed a cane toad
   971 | D        | Reached XP level 10. HP: 88/91 MP: 13/19
   973 | D        | Killed a cane toad
   979 | D        | Killed a cane toad
  1041 | D        | Noticed a torpor snail
  1041 | D        | Noticed a seven-headed hydra
  1049 | D        | Killed a torpor snail
  1050 | D        | Reached skill level 16 in Unarmed Combat
  1052 | D        | Killed a seven-headed hydra
  1071 | D        | Reached skill level 17 in Unarmed Combat
  1139 | D        | Noticed an elephant
  1139 | D        | Noticed an elephant
  1139 | D        | Noticed a dire elephant
  1139 | D        | Noticed a dire elephant
  1139 | D        | Noticed an elephant
  1139 | D        | Noticed an elephant
  1141 | D        | Killed an elephant
  1142 | D        | Noticed an elephant
  1151 | D        | Killed a dire elephant
  1152 | D        | Reached XP level 11. HP: 55/101 MP: 16/21
  1229 | D        | Killed a dire elephant
  1230 | D        | Reached skill level 18 in Unarmed Combat
  1361 | D        | Reached skill level 5 in Stealth
  1516 | D        | Noticed Joseph
  1526 | D        | Killed Joseph
  1527 | D        | Reached skill level 5 in Ice Magic
  1614 | D        | Noticed an orc sorcerer
  1619 | D        | Noticed an orc knight
  1621 | D        | Noticed an orc knight
  1633 | D        | Reached skill level 5 in Fighting
  1634 | D        | Killed an orc sorcerer
  1635 | D        | Reached skill level 19 in Unarmed Combat
  1799 | D        | Killed an orc knight
  1800 | D        | Reached skill level 1 in Evocations
  1822 | D        | Killed an orc knight
  1898 | D        | Found Biodweer's General Store.
  1898 | D        | Noticed a deep troll
  1898 | D        | Noticed a deep troll
  1898 | D        | Noticed a deep troll
  1898 | D        | Noticed a deep troll
  1898 | D        | Noticed a stone giant
  1903 | D        | Killed a deep troll
  1906 | D        | Killed a deep troll
  1907 | D        | Killed a deep troll
  1909 | D        | Noticed a deep troll
  1913 | D        | Killed a stone giant
  1914 | D        | Reached skill level 20 in Unarmed Combat
  1915 | D        | Found Biagaj's Antique Armour Shoppe.
  1918 | D        | Killed a deep troll
  1919 | D        | Reached XP level 12. HP: 92/111 MP: 8/23
  1922 | D        | Found Lurior's Weapon Emporium.
  2121 | D        | Found Laegou Zokk's Magic Scroll Shoppe.
  2130 | D        | Noticed an ogre mage
  2144 | D        | Killed an ogre mage
  2209 | D        | Bought a scroll of acquirement for 728 gold pieces
  2209 | D        | Bought a scroll of acquirement for 728 gold pieces
  2209 | D        | Bought a potion of heal wounds for 70 gold pieces
  2209 | D        | Bought a potion of ambrosia for 112 gold pieces
  2217 | D        | Bought a fabulously ornate robe for 153 gold pieces
  2217 | D        | Identified the +2 robe "Iplohil" {rElec Str+2 Stlth+} (You
                  | bought it in a shop in the Dungeon)
  2226 | D        | Bought a scroll of fear for 42 gold pieces
  2226 | D        | Acquired 788 gold pieces
  2231 | D        | Acquired the +1 hat of Mupnir {rC+ Dex+4}
  2256 | D        | Noticed Gastronok
  2269 | D        | Killed Gastronok
  2270 | D        | Reached skill level 21 in Unarmed Combat
  2419 | D        | Bought a box of beasts for 1000 gold pieces
  2419 | D        | Bought 2 scrolls labelled SOUFRO SAM HAU for 50 gold pieces
  2419 | D        | Bought a scroll labelled SOUFRO SAM HAU for 25 gold pieces
  2419 | D        | Bought a scroll labelled KOUPNIPYOD for 25 gold pieces
  2423 | D        | Bought a book of the Earth for 684 gold pieces
  2433 | D        | Learned a level 6 spell: Statue Form
  2436 | D        | Noticed a tengu warrior
  2436 | D        | Noticed a centaur warrior
  2443 | D        | Killed a tengu warrior
  2444 | D        | Noticed a stone giant
  2450 | D        | Killed a centaur warrior
  2457 | D        | Noticed a fire dragon
  2458 | D        | Noticed a spark wasp
  2464 | D        | Killed a stone giant
  2464 | D        | Noticed a rakshasa
  2473 | D        | Killed a rakshasa
  2474 | D        | Reached skill level 22 in Unarmed Combat
  2578 | D        | Killed a fire dragon
  2579 | D        | Reached skill level 10 in Transmutations
  2581 | D        | Killed a spark wasp
  2586 | D        | Reached XP level 13. HP: 97/123 MP: 10/25
  2731 | D        | Noticed Frances
  2744 | D        | Killed Frances
  2803 | D        | Noticed an eleionoma
  2803 | D        | Noticed a thorn hunter
  2803 | D        | Noticed a fenstrider witch
  2812 | D        | Killed an eleionoma
  2813 | D        | Reached skill level 10 in Spellcasting
  2816 | D        | Killed a thorn hunter
  2817 | D        | Reached skill level 23 in Unarmed Combat
  3023 | D        | Killed a fenstrider witch
  3324 | D        | Bought a potion of mutation for 120 gold pieces
  3324 | D        | Bought 2 potions of resistance for 300 gold pieces
  3324 | D        | Bought a tin of tremorstones (2/2) for 600 gold pieces
  3324 | D        | Bought a scroll of identify for 30 gold pieces
  3325 | D        | Noticed an emperor scorpion
  3890 | D        | Killed an emperor scorpion
  3891 | D        | Reached skill level 10 in Dodging
  3893 | D        | Reached skill level 24 in Unarmed Combat
  3899 | D        | Reached skill level 1 in Earth Magic
  3995 | D        | Bought a scroll of summoning for 152 gold pieces
  3995 | D        | Bought a scroll of fog for 32 gold pieces
  3995 | D        | Bought a scroll of summoning for 152 gold pieces
  4046 | D        | Noticed a nagaraja
  4049 | D        | Killed a nagaraja
  5140 | D        | Noticed Kirke
  5154 | D        | Killed Kirke
  5155 | D        | Reached XP level 14. HP: 113/133 MP: 15/28
  5319 | D        | Reached skill level 25 in Unarmed Combat
  5326 | D        | Noticed a frost giant
  5344 | D        | Noticed a spriggan defender
  5346 | D        | Killed a frost giant
  5347 | D        | Noticed a stone giant
  5354 | D        | Noticed a brown very ugly thing
  5357 | D        | Reached skill level 5 in Earth Magic
  5358 | D        | Noticed a stone giant
  5358 | D        | Noticed a stone giant
  5360 | D        | Killed a spriggan defender
  5529 | D        | Killed a stone giant
  5625 | D        | Killed a stone giant
  5658 | D        | Killed a brown very ugly thing
  5665 | D        | Killed a stone giant
  5720 | D        | Reached skill level 1 in Throwing
  5747 | D        | Reached skill level 26 in Unarmed Combat
  5811 | D        | Noticed a fire giant
  5828 | D        | Bought an amulet of reflection for 360 gold pieces
  5828 | D        | Bought the ring "Wuics" {rF++ rC+ Str+2 Dex-2 Slay+4} for
                  | 1279 gold pieces
  5856 | D        | Noticed a tengu reaver
  5861 | D        | Killed a fire giant
  5865 | D        | Killed a tengu reaver
  6036 | D        | Noticed a vault warden
  6040 | D        | Noticed an ironbound thunderhulk
  6042 | D        | Killed a vault warden
  6043 | D        | Noticed a vault warden
  6050 | D        | Killed an ironbound thunderhulk
  6055 | D        | Killed a vault warden
  6058 | D        | Noticed an orc warlord
  6059 | D        | Noticed an ironbound preserver
  6066 | D        | Killed an orc warlord
  6068 | D        | Noticed an ironbound preserver
  6069 | D        | Noticed a vault warden
  6070 | D        | Killed an ironbound preserver
  6071 | D        | Reached skill level 1 in Shields
  6071 | D        | Reached skill level 27 in Unarmed Combat
  6071 | D        | Noticed an ironbound preserver
  6071 | D        | Paralysed by a great orb of eyes for 3 turns
  6079 | D        | Killed a vault warden
  6080 | D        | Killed an ironbound preserver
  6085 | D        | Noticed Gloorx Vloq
  6085 | D        | Noticed a deep elf sorcerer
  6085 | D        | Noticed an Executioner
  6085 | D        | Killed an ironbound preserver
  6194 | D        | Noticed a nagaraja
  6200 | D        | Killed a nagaraja
  6233 | D        | Noticed an Executioner
  6237 | D        | Noticed an Executioner
  6237 | D        | Noticed an Executioner
  6239 | D        | Killed Gloorx Vloq
  6240 | D        | Reached XP level 15. HP: 145/145 MP: 12/31
  6406 | D        | Bought a scroll of magic mapping for 59 gold pieces
  6406 | D        | Bought a scroll of immolation for 59 gold pieces
  6406 | D        | Bought a scroll of enchant armour for 127 gold pieces
  6406 | D        | Bought a scroll of fog for 34 gold pieces
  6503 | D        | Killed a deep elf sorcerer
  6748 | D        | Bought a book of Weapons for 532 gold pieces
  6838 | D        | Noticed Ilsuiw
  6844 | D        | Killed Ilsuiw
  6873 | D        | Reached skill level 15 in Transmutations
  6877 | D        | Got a barnacled rune of Zot
  6978 | D        | Got a decaying rune of Zot
  7011 | D        | Noticed an emperor scorpion
  7011 | D        | Noticed an emperor scorpion
  7011 | D        | Noticed an emperor scorpion
  7017 | D        | Killed an emperor scorpion
  7017 | D        | Noticed an emperor scorpion
  7020 | D        | Killed an emperor scorpion
  7029 | D        | Killed an emperor scorpion
  7033 | D        | Killed an emperor scorpion
  7034 | D        | Noticed an emperor scorpion
  7039 | D        | Killed an emperor scorpion
  7039 | D        | Noticed an emperor scorpion
  7047 | D        | Killed an emperor scorpion
  7048 | D        | Reached skill level 5 in Shields
  7049 | D        | Got a gossamer rune of Zot
  7169 | D        | Noticed a nagaraja
  7169 | D        | Noticed a nagaraja
  7170 | D        | Noticed a nagaraja
  7176 | D        | Killed a nagaraja
  7178 | D        | Killed a nagaraja
  7181 | D        | Killed a nagaraja
  7188 | D        | Reached skill level 15 in Dodging
  7199 | D        | Reached skill level 15 in Spellcasting
  7207 | D        | Got a serpentine rune of Zot
  7332 | D        | Bought a book of Transfigurations for 560 gold pieces
  7338 | D        | Learned a level 5 spell: Blade Hands
  7346 | D        | Learned a level 7 spell: Dragon Form
  7367 | D        | Noticed Donald
  7374 | D        | Killed Donald
  7375 | D        | Reached skill level 10 in Fighting
  7375 | D        | Reached skill level 10 in Earth Magic
  7409 | D        | Noticed Jory
  7418 | D        | Killed Jory
  7522 | D        | Reached XP level 16. HP: 158/158 MP: 26/34
  7755 | D        | Noticed a tengu reaver
  7766 | D        | Noticed a tengu reaver
  7775 | D        | Killed a tengu reaver
  7777 | D        | Noticed a shadow dragon
  7783 | D        | Killed a tengu reaver
  7787 | D        | Noticed a shadow dragon
  7789 | D        | Killed a shadow dragon
  7799 | D        | Killed a shadow dragon
  7876 | D        | Learned a level 7 spell: Storm Form
  7886 | D        | Noticed a shadow dragon
  7886 | D        | Noticed a tentacled monstrosity
  7886 | D        | Noticed a shadow dragon
  7886 | D        | Noticed a shadow dragon
  7888 | D        | Identified the amulet "Digez" {Reflect rPois rCorr Str+6
                  | SH+5 Stlth-}
  7888 | D        | Noticed a tengu reaver
  7892 | D        | Killed a tentacled monstrosity
  7893 | D        | Noticed a shadow dragon
  7894 | D        | Killed a shadow dragon
  7899 | D        | Killed a shadow dragon
  7905 | D        | Killed a shadow dragon
  7908 | D        | Killed a tengu reaver
  7909 | D        | Identified the ring "Liecirgh" {Dex+5 SInv}
  7910 | D        | Killed a shadow dragon
  7922 | D        | Got a silver rune of Zot
  7951 | D        | Noticed Boris
  7962 | D        | Killed Boris
  8018 | D        | Noticed a tengu reaver
  8021 | D        | Noticed Sojobo
  8023 | D        | Noticed a tengu reaver
  8025 | D        | Killed a tengu reaver
  8027 | D        | Noticed Mennas
  8034 | D        | Killed Sojobo
  8041 | D        | Killed a tengu reaver
  8049 | D        | Killed Mennas
  8050 | D        | Reached XP level 17. HP: 172/172 MP: 35/37
  8110 | D        | Noticed Nikola
  8120 | D        | Killed Nikola
  8140 | D        | Noticed Xtahua
  8146 | D        | Killed Xtahua
  8204 | D        | Got the ring of Cudis {Contam rElec rN++ rCorr Int+3}
  8206 | D        | Got the amulet of Estre {Spirit rF+ MP-9 Int-2 Dex+9}
  8208 | D        | Got the amulet "Voseojus" {RegenMP rElec Will+ Dex+3}
  8210 | D        | Got the ring of the Middle {Fire rElec Dex+6}
  8212 | D        | Got the ring of Kabrar {*Slow Fly rPois Str+10 Int-2}
  8302 | D        | Bought 2 murky golden potions for 66 gold pieces
  8302 | D        | Bought a gold wand for 148 gold pieces
  8302 | D        | Bought a scroll of fog for 74 gold pieces
  8304 | D        | Bought a scroll of blinking for 247 gold pieces
  8304 | D        | Bought a scroll labelled XOMMOP XOEHUGUO for 33 gold pieces
  8304 | D        | Bought a scroll labelled XOMMOP XOEHUGUO for 33 gold pieces
  8304 | D        | Bought a scroll of identify for 66 gold pieces
  8326 | D        | Noticed Saint Roka
  8337 | D        | Killed Saint Roka
  8380 | D        | Noticed Frederick
  8387 | D        | Killed Frederick
  8438 | D        | Noticed a caustic shrike
  8450 | D        | Killed a caustic shrike
  8497 | D        | Noticed a bone dragon
  8497 | D        | Noticed a bone dragon
  8505 | D        | Reached skill level 10 in Shields
  8506 | D        | Noticed a bone dragon
  8507 | D        | Killed a bone dragon
  8512 | D        | Killed a bone dragon
  8518 | D        | Killed a bone dragon
  8677 | D        | Noticed a tentacled monstrosity
  8693 | D        | Killed a tentacled monstrosity
  8734 | D        | Gained mutation: You are clumsy. (Dex -2) [mutagenic glow]
  8781 | D        | Noticed an orb of fire
  8799 | D        | Killed an orb of fire
  9119 | D        | Noticed a golden dragon
  9120 | D        | Killed a golden dragon
  9135 | D        | Reached XP level 18. HP: 188/188 MP: 40/40
  9241 | D        | Noticed an Orb Guardian
  9241 | D        | Noticed an Orb Guardian
  9241 | D        | Noticed an Orb Guardian
  9241 | D        | Noticed an Orb Guardian
  9241 | D        | Noticed an Orb Guardian
  9241 | D        | Noticed an Orb Guardian
  9244 | D        | Killed an Orb Guardian
  9245 | D        | Noticed an Orb Guardian
  9246 | D        | Killed an Orb Guardian
  9248 | D        | Killed an Orb Guardian
  9250 | D        | Killed an Orb Guardian
  9250 | D        | Noticed an Orb Guardian
  9252 | D        | Noticed an Orb Guardian
  9253 | D        | Killed an Orb Guardian
  9254 | D        | Killed an Orb Guardian
  9255 | D        | Noticed an Orb Guardian
  9257 | D        | Killed an Orb Guardian
  9261 | D        | Killed an Orb Guardian
  9264 | D        | Killed an Orb Guardian
  9269 | D        | Killed an Orb Guardian
  9301 | D        | Noticed a tentacled monstrosity
  9301 | D        | Noticed an Orb Guardian
  9301 | D        | Noticed an Orb Guardian
  9303 | D        | Noticed an Orb Guardian
  9304 | D        | Killed a tentacled monstrosity
  9305 | D        | Noticed an Orb Guardian
  9313 | D        | Killed an Orb Guardian
  9317 | D        | Killed an Orb Guardian
  9323 | D        | Reached skill level 15 in Fighting
  9324 | D        | Killed an Orb Guardian
  9327 | D        | Killed an Orb Guardian
  9380 | D        | Noticed an ancient lich
  9383 | D        | Killed an ancient lich
  9387 | D        | Noticed an orb of fire
  9390 | D        | Killed an orb of fire
  9394 | D        | Noticed an electric golem
  9397 | D        | Killed an electric golem
  9401 | D        | Noticed an ancient lich
  9401 | D        | Noticed a golden dragon
  9403 | D        | Noticed an orb of fire
  9406 | D        | Killed an ancient lich
  9411 | D        | Killed a golden dragon
  9417 | D        | Killed an orb of fire
  9418 | D        | Noticed an ancient lich
  9431 | D        | Killed an ancient lich
  9438 | D        | Noticed a golden dragon
  9446 | D        | Killed a golden dragon
  9536 | D        | Noticed an Orb Guardian
  9536 | D        | Noticed an Orb Guardian
  9536 | D        | Noticed an Orb Guardian
  9536 | D        | Noticed an Orb Guardian
  9536 | D        | Noticed an Orb Guardian
  9536 | D        | Noticed an Orb Guardian
  9539 | D        | Noticed an Orb Guardian
  9540 | D        | Killed an Orb Guardian
  9544 | D        | Killed an Orb Guardian
  9549 | D        | Killed an Orb Guardian
  9550 | D        | Noticed an Orb Guardian
  9552 | D        | Killed an Orb Guardian
  9552 | D        | Noticed an Orb Guardian
  9555 | D        | Killed an Orb Guardian
  9560 | D        | Killed an Orb Guardian
  9561 | D        | Noticed an Orb Guardian
  9562 | D        | Noticed an Orb Guardian
  9564 | D        | Slain by an Orb Guardian

Illustrated notes

Levels and vault maps discovered:
D:        linesprint [early_d, line_temple, items_1, d_10, items_2, lair_1,
          lair_end, items_3, orc_1, orc_end, items_4, d_15, swamp_1, shoals_1,
          snake_1, spider_1, d_20, vaults_1, items_5, swamp_end, shoals_end,
          snake_end, spider_end, vaults_end, d_27, items_6, zot_1, zot_end,
          crypt_end, forest_end, elf_end, slime_end, tomb_end, abyss_end,
          pan_hell_end]

Skill      XL: |  1  2  3  4  5  6  7  8  9 10 11 12 13 14 15 16 17 18 |
---------------+-------------------------------------------------------+-----
Dodging        | 3 5 6 7 8 9 10 11 15 19 22 26 | 26.0
Fighting       | 1 2 3 4 5 6 7 8 10 12 13 16 | 16.6
Unarmed Combat | 6 7 10 13 15 17 20 22 24 27 | 27.0
Spellcasting   | 2 4 5 6 7 8 9 11 13 15 17 19 22 | 22.2
Transmutations | 2 3 4 5 6 7 8 10 11 14 16 17 20 23 | 23.4
Ice Magic      | 1 2 3 4 5 6 7 8 |  8.2
Stealth        | 1 2 3 4 5 |  5.1
Evocations     | 1 2 3 4 |  4.3
Earth Magic    | 3 7 10 12 14 | 14.6
Throwing       | 1 4 |  4.8
Shields        | 2 6 9 11 | 11.3

Action                   |  1- 3 |  4- 6 |  7- 9 | 10-12 | 13-15 | 16-18 || total
-------------------------+-------+-------+-------+-------+-------+-------++-------
Melee: Unarmed           |    10 |    17 |    45 |   198 |   314 |   394 ||   978
       Kick              |     2 |       |       |       |       |       ||     2
       Headbutt          |     1 |       |       |       |       |       ||     1
       Punch             |       |       |       |       |    23 |    48 ||    71
       Tailslap          |       |       |       |       |     2 |       ||     2
       Bite              |       |       |       |       |     1 |       ||     1
Throw: Large rock        |       |       |       |       |     3 |       ||     3
       Javelin           |       |       |       |       |     5 |       ||     5
 Cast: Beastly Appendage |     2 |       |       |     1 |       |       ||     3
       Ice Form          |       |     1 |     4 |    13 |    11 |       ||    29
       Wereblood         |       |     1 |     3 |    14 |    21 |    18 ||    57
       Statue Form       |       |       |       |       |    13 |    16 ||    29
       Dragon Form       |       |       |       |       |     1 |     1 ||     2
       Blade Hands       |       |       |       |       |       |     1 ||     1
       Storm Form        |       |       |       |       |       |     1 ||     1
Invok: Call Merchant     |       |       |       |     2 |     6 |     2 ||    10
       Potion Petition   |       |       |       |       |     3 |       ||     3
Evoke: Wand              |       |       |     1 |     7 |       |     1 ||     9
       Box of beasts     |       |       |       |       |     2 |     1 ||     3
       Tin of tremorston |       |       |       |       |     2 |     2 ||     4
  Use: Potion            |     2 |     1 |       |     2 |     5 |     2 ||    12
       Scroll            |       |       |       |     4 |     7 |     2 ||    13
 Stab: Invisible         |       |       |     4 |       |     3 |       ||     7
       Petrifying        |       |       |     1 |       |       |       ||     1
       Distracted        |       |       |       |     6 |     5 |     7 ||    18
       Sleeping          |       |       |       |       |     1 |       ||     1
Armor: Robe              |     1 |     1 |       |       |     2 |     2 ||     6
       Skin              |       |       |     4 |    19 |   126 |   163 ||   312
Dodge: Dodged            |     4 |     7 |    17 |    69 |   150 |   181 ||   428
Block: Other             |       |       |       |       |    29 |    57 ||    86
       Reflection        |       |       |       |       |     1 |     1 ||     2

Table legend: (Time is in decaauts)
 A = Elapsed time spent in this place.
 B = Non-inter-level travel time spent in this place.
 C = Inter-level travel time spent in this place.
 D = Time resting spent in this place.
 E = Time spent auto-exploring this place.
 F = Levels seen in this place.
 G = Mean time per level.
                   A        B        C        D        E       F      G
               +--------+--------+--------+--------+--------+-----+--------+
         Total |   9661 |   9098 |    563 |   4265 |   1222 |   1 | 9661.0 |
       Dungeon |   9661 |   9098 |    563 |   4265 |   1222 |   1 | 9661.0 |
               +--------+--------+--------+--------+--------+-----+--------+

Top non-repeatable levels by time:
       D: 9661 daAuts
